Map: Magannatha LE

Players

Zergus - Winner!

  • Race: Zerg Zerg
  • League: Diamond
  • Spawn Location: 5:00

ManlyManMeat

  • Race: Zerg Zerg
  • League: Diamond
  • Spawn Location: 11:00

VOD

Have the link to the VOD?

Description

Time

  • Played on: July 4, 2025, 2:40 p.m.
  • Length: 7:53
Show
View Real Time Build Order
Export as new Build Order

Zergus Zerg - Winner!

Build Orders: Pool First 

Get SALT Encoding   

  12  0:00  Drone  
  13  0:12  Overlord  
  13  0:16  Drone  
  14  0:31  Drone x2  
  14  0:35  Drone  
  17  0:45  Spawning Pool  
  17  0:47  Drone  
  17  1:08  Hatchery  
  17  1:10  Drone  
  17  1:15  Drone  
  18  1:19  Extractor  
  18  1:23  Drone  
  18  1:29  Overlord  
  18  1:36  Queen  
  20  1:44  Zergling x2  
  21  1:50  Zergling x2  
  22  2:00  Drone  
  23  2:14  Queen  
  25  2:18  Drone  
  25  2:21  Queen  
  28  2:30  Drone x2  
  28  2:33  Overlord  
  28  2:36  Metabolic Boost  
  30  2:38  Drone  
  31  2:46  Spine Crawler  
  31  2:50  Spine Crawler  
  29  2:51  Zergling x2  
  29  2:57  Zergling x4  
  32  3:04  Zergling x4  
  34  3:14  Evolution Chamber  
  33  3:20  Zergling x8  
  37  3:33  Drone x4  
  41  3:34  Drone  
  42  3:49  Roach Warren  
  32  4:05  Zergling x4  
  32  4:06  Zergling x6  
  32  4:09  Drone x3  
  37  4:12  Zergling x2  
  38  4:17  Zergling x2  
  38  4:20  Zerg Missile Weapons Level 1  
  38  4:22  Drone  
  40  4:31  Drone x2  
  36  4:46  Drone x2  
  36  4:47  Drone x2  
  36  4:52  Roach  
  41  4:56  Queen  
  41  4:57  Queen  
  42  5:03  Spine Crawler  
  42  5:04  Overlord, Roach  
  42  5:06  Overlord  
  43  5:10  Overlord  
  44  5:21  Roach  
  44  5:22  Roach  
  39  5:32  Roach  
  39  5:33  Roach x3  
  40  5:41  Roach x2  
  42  5:44  Roach  
  42  5:49  Roach  
  38  5:58  Roach  
  38  5:59  Roach  
  40  6:09  Lair  
  40  6:19  Roach  
  40  6:20  Roach  
  42  6:45  Roach  
  42  6:46  Roach  
  43  6:47  Drone  
  44  6:57  Drone x2  
  44  6:59  Drone  
  42  7:26  Zergling x6  
  42  7:27  Zergling x8  
  42  7:28  Zergling x2  
Show
View Real Time Build Order
Export as new Build Order

ManlyManMeat Zerg 

Build Orders: Hatch First, Zergling Baneling 

Get SALT Encoding   

  12  0:00  Drone  
  13  0:08  Drone  
  14  0:16  Drone, Extractor  
  15  0:22  Overlord  
  15  0:42  Drone  
  16  0:48  Hatchery  
  15  0:50  Drone  
  15  0:54  Drone  
  17  0:59  Drone  
  18  1:06  Drone  
  19  1:12  Extractor  
  19  1:17  Spawning Pool  
  17  1:21  Drone  
  18  1:27  Drone  
  19  1:37  Drone  
  20  1:57  Overlord  
  20  2:04  Queen x2  
  20  2:05  Zergling x4  
  26  2:12  Metabolic Boost  
  26  2:17  Zergling x4  
  28  2:26  Zergling x4  
  30  2:33  Zergling x4  
  32  2:39  Baneling Nest  
  31  2:46  Zergling x4  
  33  2:58  Overlord  
  33  2:59  Overlord  
  34  3:05  Zergling x4  
  35  3:31  Zergling x10  
  35  3:32  Baneling x6  
  39  3:34  Zergling x2  
  40  3:43  Zergling x4  
  40  3:44  Zergling x2  
  37  4:07  Zergling x10  
  38  4:17  Baneling x3  
  37  4:19  Zergling x6  
  37  4:22  Zergling x2  
  41  4:26  Zergling x2  
  41  4:28  Zergling x2  
  39  4:47  Zergling x10  
  39  4:52  Baneling  
  40  4:56  Zergling x4  
  40  4:59  Zergling x2  
  42  5:05  Baneling x4  
  39  5:31  Zergling x14  
  42  5:44  Zergling x8  
  44  5:54  Zergling x2  
  44  5:55  Zergling x2  
  45  5:58  Zergling x2  
  45  5:59  Zergling x2  
  46  6:08  Baneling x5  
  46  6:09  Baneling  
  42  6:38  Zergling x16  
  39  6:49  Zergling x6  
  42  7:05  Zergling x10  
  36  7:16  Zergling x6  
  35  7:24  Zergling x4  
  37  7:32  Zergling x2  
  37  7:33  Zergling x2  
Tags
 
Add a new tag
Caveats
  • Supply blocks, unpowered buildings, or Contaminate may cause inaccurate times.
  • Supply counts are checked every 10 seconds.